 Dungeon Crawl Stone Soup version 0.25-a0-185-g6cfeca75b2 (console) character file.

Game seed: 2939901745294400603, levelgen mode: deterministic

61 Kagalorn the Magician (level 3, 0/16 HPs)
             Began as a Spriggan Enchanter on Nov 28, 2019.
             Slain by a hobgoblin
             ... wielding a +0 club
              (6 damage)
             ... on level 2 of the Dungeon.
             The game lasted 00:05:22 (1601 turns).

Kagalorn the Magician (Spriggan Enchanter)          Turns: 1601, Time: 00:05:23

Health: 0/16       AC:  2    Str:  4    XL:     3   Next: 83%
Magic:  10/10      EV: 18    Int: 17    God:
Gold:   33         SH:  0    Dex: 16    Spells: 9/12 levels left

rFire    . . .     SeeInvis +   a - +0 short sword
rCold    . . .     Gourm    .   (shield restricted)
rNeg     . . .     Faith    .   b - +0 robe
rPois    .         Spirit   .   (helmet restricted)
rElec    .         Reflect  .   (no cloak)
rCorr    .         Harm     .   (gloves unavailable)
MR       .....                  (boots unavailable)
Stlth    +++.......             (no amulet)
HPRegen  0.05/turn              (no ring)
MPRegen  0.12/turn              (no ring)

@: very quick
A: very small, unfitting armour, see invisible, herbivore, speed 3, slow
metabolism 2
a: no special abilities


You were on level 2 of the Dungeon.
You were not hungry.

You visited 1 branch of the dungeon, and saw 2 of its levels.

You collected 33 gold pieces.

Inventory:

Hand Weapons
 a - a +0 short sword (weapon)
Missiles
 e - 24 bolts
 f - 8 stones (quivered)
Armour
 b - a +0 robe (worn)
Jewellery
 c - a cursed ring of teleportation {unknown}
Scrolls
 g - 4 scrolls of identify {unknown}
 h - 2 scrolls of fog {unknown}
 i - a scroll of enchant armour {unknown}
 j - a scroll of blinking {unknown}
 l - a scroll of teleportation {unknown}
 m - a scroll of noise {unknown}
Potions
 k - a potion of berserk rage {unknown}
 n - 2 potions of degeneration {unknown}
 o - a potion of resistance {unknown}
Comestibles
 d - 4 rations


   Skills:
 - Level 1.1 Short Blades
 - Level 3.0 Dodging
 - Level 4.4 Stealth
 * Level 5.1 Spellcasting
 - Level 3.6 Hexes
 + Level 0.3 Ice Magic


You had 9 spell levels left.
You knew the following spells:

 Your Spells              Type           Power        Failure   Level  Hunger
a - Ensorcelled Hibernat  Hex/Ice        ##....       10%         2    #......
b - Corona                Hex            ###....      3%          1    None

Your spell library contained the following spells:

 Spells                   Type           Power        Failure   Level  Hunger
 Confuse                  Hex            ###.....     10%         3    ###....
 Tukima's Dance           Hex            ###.....     10%         3    ###....
 Dazzling Spray           Conj/Hex       ##....       21%         3    ###....


Dungeon Overview and Level Annotations

Branches:
Dungeon (2/15)

Altars:
Nemelex Xobeh


Innate Abilities, Weirdness & Mutations

You are very small and have problems with some larger weapons.
You are too small for most types of armour.
You have supernaturally acute eyesight. (SInv)
You are a herbivore.
You cover ground extremely quickly.
You need to consume almost no food.


Message History

You hit the ooze.
The ooze is heavily wounded.
The ooze closely misses you.
You hit the ooze.
The ooze is almost dead.
The ooze hits you.
You barely miss the ooze.
The ooze is almost dead.
The ooze hits you but does no damage.
You hit the ooze.
You kill the ooze!
An ooze comes into view.
The helpless ooze fails to defend itself.
You puncture the ooze!
You kill the ooze!
A hobgoblin comes into view. It is wielding a +0 club.
A giant cockroach comes into view.
The hobgoblin shouts!
You hit the hobgoblin but do no damage. The hobgoblin hits you with a +0 club.
You die...

## ..# #.# #.# #.#
#.# #.# #.# ##.##
#. #.#
#.####...#######
#.# #.#
#.##.....g......
#.# #.# #.# #s.@#
#.# #.# #.##
##.#.........# #.#
#.#
#.##.##.#.#######.#
#.###.###.##.##.#.#
#.#
#...........#.#.#.#
#.#
...........###..#.#
#.#
#.#########.#..##.#
#.# #.# ##.#.##.#
#.# #.#
###.##.#######.#


You could see a giant cockroach and a hobgoblin.

Vanquished Creatures
  2 adders (D:2)
  2 oozes (D:2)
  A leopard gecko (D:1)
  2 giant cockroaches (D:1)
  5 goblins (D:1)
  3 hobgoblins (D:2)
  3 jackals
  5 bats
  4 frilled lizards
  6 kobolds
  2 rats
35 creatures vanquished.

Notes
Turn   | Place    | Note
-------+----------+-------------------------------------------
     0 | D:1      | Kagalorn the Spriggan Enchanter began the quest for the
                  | Orb.
     0 | D:1      | Reached XP level 1. HP: 9/9 MP: 5/5
    94 | D:1      | Reached skill level 3 in Spellcasting
   233 | D:1      | Reached XP level 2. HP: 8/13 MP: 5/7
   537 | D:1      | Reached skill level 4 in Spellcasting
   884 | D:1      | Learned a level 2 spell: Ensorcelled Hibernation
  1029 | D:2      | Found a sparkling altar of Nemelex Xobeh.
  1274 | D:2      | Reached XP level 3. HP: 11/16 MP: 1/9
  1511 | D:2      | Reached skill level 5 in Spellcasting
  1601 | D:2      | Slain by a hobgoblin

Levels and vault maps discovered:
D:1:      minmay_arrival_four_loops, layout_loops_corners, dk_noncrumbling_3
D:2:      layout_loops_ring, nemelex_diamond_rough_becter

Skill      XL: |  1  2  3 |
---------------+----------+-----
Spellcasting   | 3 4 5 |  5.1
Short Blades   | |  1.1
Dodging        | |  3.0
Stealth        | |  4.4
Hexes          | |  3.6
Ice Magic      | |  0.3

Action                   || total
-------------------------++-------
Melee: Dagger            ||    14
       Short sword       ||   117
 Cast: Ensorcelled Hiber ||    11
       Corona            ||     1
 Stab: Sleeping          ||    16
Armor: Robe              ||    19
Dodge: Dodged            ||   116

Table legend:
 A = Non-vault XP
 B = Vault XP
 C = Vault XP percentage of total XP
 D = Non-vault monster count
 E = Vault monster count
 F = Vault count percentage of total count
                 A         B        C        D         E       F
            +---------+---------+-------+---------+---------+-------
      Total |      88 |       0 |   0.0 |      35 |       0 |   0.0
            +---------+---------+-------+---------+---------+-------
        D:1 |      30 |       0 |   0.0 |      20 |       0 |   0.0
        D:2 |      58 |       0 |   0.0 |      15 |       0 |   0.0
            +---------+---------+-------+---------+---------+-------
